 Dungeon Crawl Stone Soup version 0.23-a0-584-g44dd78f (webtiles) character file.

3031 nikopol the Cleaver (level 9, -15/81 HPs)
             Began as a Minotaur Berserker on Dec 17, 2018.
             Was a High Priest of Trog.
             Demolished by an earth elemental (34 damage)
             ... summoned by a deep elf mage
             ... on level 7 of the Dungeon.
             The game lasted 00:10:45 (6216 turns).

nikopol the Cleaver (Minotaur Berserker)            Turns: 6216, Time: 00:10:46

Health: -15/81     AC:  8    Str: 28    XL:     9   Next: 56%
Magic:  8/8        EV: 18    Int:  4    God:    Trog [*****.]
Gold:   259        SH:  0    Dex: 11    Spells: 8/8 levels left

rFire    + . .     SeeInvis .   a - +0 war axe
rCold    + . .     Gourm    .   (no shield)
rNeg     . . .     Faith    +   g - +0 ring mail
rPois    .         Spirit   .   (helmet restricted)
rElec    .         Reflect  .   d - scarf {rC+ rF+}
rCorr    .         Harm     .   (no gloves)
MR       .....                  i - +0 pair of boots
Stlth    +.........             F - amulet of faith
HPRegen  0.23/turn              f - +5 ring of evasion
MPRegen  0.11/turn              u - +4 ring of strength

@: berserk cooldown, slowed, very slow
A: retaliatory headbutt, horns 2
a: Berserk, Trog's Hand, Brothers in Arms, Renounce Religion


You were on level 7 of the Dungeon.
You worshipped Trog.
Trog was extremely pleased with you.
You were not hungry.

You visited 1 branch of the dungeon, and saw 7 of its levels.

You collected 402 gold pieces.
You spent 143 gold pieces at shops.

Inventory:

Hand Weapons
 a - a +0 war axe (weapon)
 w - a +0 hand axe
 z - a +0 shortbow
Missiles
 v - 74 arrows
Armour
 b - a +0 animal skin
 d - a scarf of resistance (worn)
 g - a +0 ring mail (worn)
 i - a +0 pair of boots (worn)
Jewellery
 f - a +5 ring of evasion (left hand)
 u - a +4 ring of strength (right hand)
 F - an amulet of faith (around neck)
 K - a cursed ring of teleportation {unknown}
Wands
 y - a wand of flame (28)
 A - a wand of paralysis (7)
 C - a wand of iceblast (9)
 G - a wand of disintegration (8)
 H - a wand of random effects (27)
Scrolls
 h - 3 scrolls of magic mapping {unknown}
 j - 5 scrolls of immolation {unknown}
 k - 5 scrolls of remove curse
 l - 3 scrolls of enchant weapon {unknown}
 m - 2 scrolls of fog {unknown}
 n - a scroll of teleportation {unknown}
 p - 2 scrolls of amnesia {unknown}
 q - 2 scrolls of random uselessness {unknown}
 t - 3 scrolls of enchant armour {unknown}
 x - a scroll of fear
Potions
 e - 2 potions of mutation
 o - 3 potions of heal wounds
 r - a potion of resistance {unknown}
 s - 3 potions of haste
 B - a potion of berserk rage {unknown}
 E - 2 potions of cancellation {unknown}
 I - 2 potions of curing
 J - a potion of degeneration {unknown}
Comestibles
 c - 18 rations


   Skills:
 + Level 7.9 Fighting
 * Level 11.4 Axes
 * Level 0.6 Bows
 + Level 7.8 Armour
 + Level 4.7 Dodging
 + Level 1.4 Stealth


You had 8 spell levels left.
You didn't know any spells.
Your spell library was empty.

Dungeon Overview and Level Annotations

Branches:
Dungeon (7/15)             Temple (0/1) D:7

Altars:
Elyvilon
Gozag
Makhleb
Sif Muna
Uskayaw

Shops:
D:4 [   D:7 !


Innate Abilities, Weirdness & Mutations

You reflexively headbutt those who attack you in melee.
You have a pair of horns on your head.


Message History

You hit the deep elf mage. Your headbutt misses the deep elf mage.
The deep elf mage is almost dead.
You hit the earth elemental but do no damage.
The deep elf mage gestures wildly while chanting.
The deep elf mage blinks!
You hit the earth elemental but do no damage.
The deep elf mage gestures at you while chanting.
The bolt of magma hits you! You partially resist. The earth elemental hits you!
You hit the earth elemental.
The earth elemental is lightly damaged.
You hit the earth elemental but do no damage.
The earth elemental hits you!!
* * * LOW HITPOINT WARNING * * *
The earth elemental hits you but does no damage.
As you read the scroll of fear, it crumbles to dust.
You assume a fearsome visage.
The earth elemental is unaffected.
The deep elf mage looks frightened!
The earth elemental is unaffected.
The deep elf mage casts a spell.
The deep elf mage blinks!
The earth elemental hits you!!
You die...

#..............# #......
#######.####.........#####......
#.......................##......
#..#####..#.....#######.##......
##....#.###..#.#.#P...P#.........
#...#.##..##.#.#.#.###.#:........
#.....#...##.#...'.#/+ #.........
#......##.##...#E#.###.#.........
#...#.#.#..#.#.#@#P...P#.........
#...#..#.....#.#E#######.........
#...#..##...#.#.ยง................
#..#.#..#..#.#..####.#.#.####....
#..#..###.#)#.).#.#.#.##....#....
#....#####.#.#####..........#....
##.#.###.#.#.#.##...####....#)...
#.##.#..##.##..####.##.....#....
#.........#.#.#....[[......#....


You could see 2 earth elementals.

Vanquished Creatures
  A hippogriff (D:7)
  A spriggan (D:7)
  A hungry ghost (D:7)
  An acid dragon (D:7)
  A black bear (D:7)
  2 orc warriors
  2 ice beasts
  2 sky beasts
  2 centaurs
  4 ogres
  2 bullfrogs
  A water moccasin skeleton (D:7)
  A scorpion (D:6)
  A howler monkey (D:4)
  2 crimson imps
  A jelly (D:5)
  6 orc priests
  4 hounds
  A gnoll shaman (D:6)
  3 orc wizards
  3 bullfrog skeletons
  2 iguanas
  3 worker ants
  A howler monkey zombie (D:7)
  9 gnolls (D:6)
  13 adders
  A shadow imp (D:6)
  An adder zombie (D:7)
  3 worms
  3 dart slugs
  8 leopard geckos
  15 orcs
  5 bats
  5 giant cockroaches
  8 hobgoblins
  6 jackals (D:2)
  5 kobolds
  2 quokkas
  A ball python (D:2)
  A ball python zombie (D:6)
  6 frilled lizards
  7 goblins
  A jackal zombie (D:5)
  4 rats
152 creatures vanquished.

Notes
Turn   | Place    | Note
-------+----------+-------------------------------------------
     0 | D:1      | nikopol the Minotaur Berserker began the quest for the Orb.
     0 | D:1      | Reached XP level 1. HP: 19/19 MP: 0/0
   125 | D:1      | Reached skill level 4 in Axes
   125 | D:1      | Reached XP level 2. HP: 27/27 MP: 1/1
   656 | D:2      | Reached XP level 3. HP: 16/33 MP: 2/2
   871 | D:2      | Reached XP level 4. HP: 18/41 MP: 3/3
  1047 | D:2      | Reached ** piety under Trog
  1107 | D:2      | Reached skill level 5 in Axes
  1137 | D:2      | Reached skill level 5 in Fighting
  1137 | D:2      | Reached XP level 5. HP: 47/48 MP: 4/4
  1591 | D:3      | Reached *** piety under Trog
  1857 | D:3      | Found a burning altar of Makhleb.
  1857 | D:3      | Noticed a cacodemon
  2017 | D:3      | Reached XP level 6. HP: 40/56 MP: 5/5
  2020 | D:3      | Reached skill level 6 in Axes
  2676 | D:4      | Reached XP level 7. HP: 61/61 MP: 6/6
  2696 | D:4      | Reached skill level 7 in Axes
  2736 | D:4      | Found an opulent altar of Gozag.
  2772 | D:4      | Found a deep blue altar of Sif Muna.
  2912 | D:4      | Found Fytex's Armour Shop.
  3040 | D:4      | Reached skill level 5 in Armour
  3297 | D:5      | Entered Level 5 of the Dungeon
  3306 | D:5      | Found a hide-covered altar of Uskayaw.
  3346 | D:5      | Reached **** piety under Trog
  3515 | D:5      | Found a white marble altar of Elyvilon.
  3742 | D:5      | Reached skill level 8 in Axes
  4092 | D:6      | Reached XP level 8. HP: 70/70 MP: 7/7
  4518 | D:6      | Reached skill level 9 in Axes
  5141 | D:6      | Reached skill level 1 in Stealth
  5242 | D:7      | Reached skill level 10 in Axes
  5282 | D:7      | Reached XP level 9. HP: 9/79 MP: 8/8
  5455 | D:7      | Found Zusenoy's Distillery.
  5459 | D:7      | Bought a potion of curing for 33 gold pieces
  5459 | D:7      | Bought a potion of heal wounds for 55 gold pieces
  5459 | D:7      | Bought a potion of heal wounds for 55 gold pieces
  5585 | D:7      | Found a staircase to the Ecumenical Temple.
  5635 | D:7      | Reached skill level 11 in Axes
  5904 | D:7      | Reached ***** piety under Trog
  6197 | D:7      | Noticed a deep elf mage
  6216 | D:7      | Demolished by an earth elemental

Vault maps used:
D:1:      dpeg_arrival_chambers_temple_mockup
D:3:      makhleb_altar_promises_db
D:4:      led_sif_pool, serial_shops, kennysheep_mini_moat, first_ration,
          nicolae_gozag_cash_rules_everything_around_me
D:5:      lemuel_coloured_pillars_altar, old_standard_altar
D:7:      minmay_temple_entry_arrows, serial_shops, nicolae_shop_trees,
          the_bakery, minmay_shattered_shrine

Skill      XL: |  1  2  3  4  5  6  7  8  9 |
---------------+----------------------------+-----
Axes           | 4 5 6 8 10 11 | 11.4
Fighting       | 4 5 6 7 |  7.9
Dodging        | 3 4 |  4.7
Armour         | 3 4 6 7 |  7.8
Stealth        | 1 |  1.4
Bows           | |  0.6

Action                   |  1- 3 |  4- 6 |  7- 9 || total
-------------------------+-------+-------+-------++-------
Melee: Hand axe          |    55 |   109 |       ||   164
       Headbutt          |     6 |    21 |    51 ||    78
       War axe           |       |    27 |   197 ||   224
 Fire: Shortbow          |       |       |    11 ||    11
Invok: Berserk           |     1 |     2 |     3 ||     6
       Trog's Hand       |       |       |     1 ||     1
  Use: Scroll            |       |       |     5 ||     5
  Eat: Chunk             |     1 |     8 |    12 ||    21
       Ration            |       |       |     1 ||     1
Armor: Animal skin       |     6 |       |       ||     6
       Ring mail         |    10 |    65 |    50 ||   125
Dodge: Dodged            |    47 |    90 |   157 ||   294

Table legend:
 A = Non-vault XP
 B = Vault XP
 C = Vault XP percentage of total XP
 D = Non-vault monster count
 E = Vault monster count
 F = Vault count percentage of total count
                 A         B        C        D         E       F
            +---------+---------+-------+---------+---------+-------
      Total |    3650 |     681 |  15.7 |     144 |       8 |   5.3
            +---------+---------+-------+---------+---------+-------
        D:1 |      26 |       0 |   0.0 |      15 |       0 |   0.0
        D:2 |     212 |       0 |   0.0 |      32 |       0 |   0.0
        D:3 |     203 |       0 |   0.0 |      24 |       0 |   0.0
        D:4 |     521 |       0 |   0.0 |      18 |       0 |   0.0
        D:5 |     458 |       0 |   0.0 |      13 |       0 |   0.0
        D:6 |     945 |       0 |   0.0 |      26 |       0 |   0.0
        D:7 |    1285 |     681 |  34.6 |      16 |       8 |  33.3
            +---------+---------+-------+---------+---------+-------
